 Dungeon Crawl Stone Soup version 0.27-a0-385-g3208abaabc (webtiles) character file.

Game seed: 5744001600446553648

28 sahdkjhfkaj the Sneak (level 3, -20/21 HPs)
             Began as an Octopode Fire Elementalist on Feb 19, 2021.
             Demolished by an ogre
             ... wielding a +0 giant spiked club
              (30 damage)
             ... on level 2 of the Dungeon.
             The game lasted 00:02:01 (1133 turns).

sahdkjhfkaj the Sneak (Octopode Fire Elementalist)  Turns: 1133, Time: 00:02:02

Health: -20/21     AC:  1    Str:  7    XL:     3   Next: 14%
Magic:  0/6        EV: 13    Int: 18    God:
Gold:   54         SH:  0    Dex: 12    Spells: 5/6 levels left

rFire    . . .     SeeInvis .   (no weapon)
rCold    . . .     Faith    .   (no shield)
rNeg     . . .     Spirit   .   (helmet restricted)
rPois    .         Reflect  .   (no amulet)
rElec    .         Harm     .   (no ring)
rCorr    .         Rampage  .   (no ring)
Will     .....                  (no ring)
Stlth    ++++......             (no ring)
HPRegen  0.07/turn              (no ring)
MPRegen  0.10/turn              (no ring)
                                (no ring)
                                (no ring)

@: no status effects
A: almost no armour, stealthy swim, amphibious, 8 rings, constrict 8, camouflage
1, gelatinous body 1
a: no special abilities


You were on level 2 of the Dungeon.
You visited 1 branch of the dungeon, and saw 2 of its levels.

You collected 54 gold pieces.

Inventory:

Jewellery
 a - a ring of poison resistance {unknown}
 d - a +6 ring of intelligence {unknown}
Scrolls
 c - a scroll of blinking {unknown}
 e - a scroll of enchant weapon {unknown}


   Skills:
 - Level 2.0 Dodging
 - Level 5.0 Stealth
 - Level 2.0 Spellcasting
 + Level 1.1 Conjurations
 - Level 3.0 Fire Magic


You had 5 spell levels left.
You knew the following spells:

 Your Spells              Type           Power        Failure   Level
a - Foxfire               Conj/Fire      36%          8%          1

Your spell library contained the following spells:

 Spells                   Type           Power        Failure   Level
 Conjure Flame            Conj/Fire      9%           24%         3
 Inner Flame              Hex/Fire       7%           28%         3
 Sticky Flame             Conj/Fire      9%           61%         4
 Fireball                 Conj/Fire      4%           91%         5


Dungeon Overview and Level Annotations

Branches:
Dungeon (2/15)

Altars:


Innate Abilities, Weirdness & Mutations

You cannot wear most types of armour.
You are very stealthy in the water. (Stealth+)
You are amphibious.
You can wear up to eight rings at the same time.
You can use your tentacles to constrict eight enemies at once.
Your skin changes colour to match your surroundings (Stealth+).
Your rubbery body absorbs attacks. (AC +1, EV +1)


Message History

Unknown command.
You conjure some foxfire!
Unknown command.
Your foxfire dissipates!
The foxfire hits the ogre.
The ogre is heavily wounded.
The foxfire hits the ogre.
The ogre is heavily wounded.
The foxfire hits the ogre.
The ogre is severely wounded.
The foxfire hits the ogre.
The ogre is almost dead.
You miscast Foxfire.
You are very lightly contaminated with residual magic.
Nothing appears to happen.
A goblin comes into view.
Your magical contamination has completely faded away.
You conjure some foxfire!
The ogre hits you with a +0 giant spiked club.
You barely miss the ogre. You squeeze the ogre, but do no damage.
The ogre is almost dead.
You tentacle-slap the ogre but do no damage.
The ogre is almost dead.
The ogre misses you.
You tentacle-slap the ogre.
The ogre is almost dead.
The ogre barely misses you.
You tentacle-slap the ogre.
The ogre is almost dead.
You tentacle-slap the ogre but do no damage.
The ogre is almost dead.
The ogre hits you with a +0 giant spiked club!!
Ouch! That really hurt!
* * * LOW HITPOINT WARNING * * *
It was a potion of curing.
You feel better. The ogre barely misses you.
You tentacle-slap the ogre but do no damage.
The ogre is almost dead.
The ogre hits you with a +0 giant spiked club!!
Ouch! That really hurt!
You die...

#.# #O# #.#
#.#####
##.######....#.
##...#......#.#.
#......######.#.
#....### #.#.
#.#.## #.#.
####.#.# #.#.
#.@O.#.g #.#.
######### #.#.
#.#. #.#. #...
####


You could see an ogre.

Vanquished Creatures
  An adder (D:2)
  A worm (D:2)
  A bat (D:2)
  A giant cockroach (D:1)
  3 goblins
  3 hobgoblins (D:1)
  3 kobolds
  A ball python (D:2)
  A frilled lizard (D:2)
  A rat (D:1)
16 creatures vanquished.

Vanquished Creatures (others)
  64 foxfires
64 creatures vanquished.

Grand Total: 80 creatures vanquished

Notes
Turn   | Place    | Note
-------+----------+-------------------------------------------
     0 | D:1      | sahdkjhfkaj the Octopode Fire Elementalist began the quest
                  | for the Orb.
     0 | D:1      | Reached XP level 1. HP: 11/11 MP: 3/3
    15 | D:1      | Reached skill level 3 in Stealth
   168 | D:1      | Reached XP level 2. HP: 13/17 MP: 0/5
   183 | D:1      | Reached skill level 4 in Stealth
   896 | D:2      | Reached XP level 3. HP: 21/21 MP: 3/6
  1031 | D:2      | Reached skill level 5 in Stealth
  1105 | D:2      | Noticed an ogre
  1131 | D:2      | HP: 1/21 [ogre/+0 giant spiked club (18)]
  1133 | D:2      | Demolished by an ogre

Illustrated notes

Levels and vault maps discovered:
D:1:      dpeg_arrival_windows_large_door, layout_rooms
D:2:      layout_loops_ring, lemuel_coloured_pillars_altar,
          nicolae_overflow_hidden_temple, serial_co_window_serial,
          co_window_paths_b, co_window_paths_b, co_window_of_opportunity_a,
          co_window_paths_b, co_window_paths_b, co_window_paths_b,
          co_window_corner_a, co_window_broadway_a, co_window_unsneaky_path_b,
          co_window_corner_b, co_window_unsneaky_path_a, co_window_2corner,
          co_window_of_opportunity_b, co_window_4corner_b, co_window_paths_d,
          glass_columns_a, glass_columns_b, glass_columns_c, glass_columns_b

Skill      XL: |  1  2  3 |
---------------+----------+-----
Stealth        | 3 4 5 |  5.0
Dodging        | |  2.0
Spellcasting   | |  2.0
Conjurations   | |  1.1
Fire Magic     | |  3.0

Action                   || total
-------------------------++-------
Melee: Unarmed           ||    21
       Constrict         ||     3
       Tentacles         ||     2
 Cast: Foxfire           ||    43
  Use: Potion            ||     1
Dodge: Dodged            ||    19

Table legend: (Time is in decaauts)
 A = Elapsed time spent in this place.
 B = Non-inter-level travel time spent in this place.
 C = Inter-level travel time spent in this place.
 D = Time resting spent in this place.
 E = Time spent auto-exploring this place.
 F = Levels seen in this place.
 G = Mean time per level.
                   A        B        C        D        E       F      G
               +--------+--------+--------+--------+--------+-----+--------+
         Total |   1133 |   1107 |     26 |     92 |    878 |   2 |  566.5 |
       Dungeon |   1133 |   1107 |     26 |     92 |    878 |   2 |  566.5 |
               +--------+--------+--------+--------+--------+-----+--------+

Top non-repeatable levels by time:
     D:1: 878 daAuts
     D:2: 255 daAuts
